 Dungeon Sprint DCSS version 0.20-a0-871-g785f14b (webtiles) character file.

61989 hittemvvvvhard the Executioner (level 14, -4/151 HPs)
             Began as a Minotaur Fighter on Mar 14, 2017.
             Was a High Priest of Makhleb.
             Killed from afar by Nikola (36 damage)
             ... with a chain lightning
             ... in the Dungeon (Sprint IX: "|||||||||||||||||||||||||||||").
             The game lasted 00:20:02 (5364 turns).

hittemvvvvhard the Executioner (Minotaur Fighter)   Turns: 5364, Time: 00:20:03

Health: -4/151     AC:  8    Str: 28    XL:     14   Next: 62%
Magic:  22/22      EV: 26    Int:  5    God:    Makhleb [*****.]
Gold:   673        SH: 25    Dex: 14    Spells: 13/13 levels left

rFire    . . .     SeeInvis .   a - +1 demon trident (venom)
rCold    . . .     Gourm    .   (no armour)
rNeg     . . .     Faith    .   D - +1 large shield
rPois    +         Spirit   .   A - +1 hat
rElec    .         Reflect  .   J - +1 cloak
rCorr    .         Harm     .   c - +1 pair of gloves
MR       +....     NoTele   +   y - +0 pair of boots
Stlth    +.........             d - amulet of regeneration
Regen    0.8/turn               b - +6 ring of strength
MPRegen  0.2/turn               g - +4 ring of evasion

@: no status effects
A: retaliatory headbutt, horns 2, poison resistance, wild magic 1
a: Minor Destruction, Lesser Servant of Makhleb, Major Destruction, Greater
Servant of Makhleb, Renounce Religion


You were in the Dungeon.
You worshipped Makhleb.
Makhleb was extremely pleased with you.
You were full.

You visited 1 branch You collected 1900 gold pieces.
You spent 1227 gold pieces at shops.

Inventory:

Hand Weapons
 a - a +1 demon trident of venom (weapon)
Armour
 c - a +1 pair of gloves (worn)
 y - a +0 pair of boots (worn)
 A - a +1 hat (worn)
 D - a +1 large shield (worn)
 J - a +1 cloak (worn)
Jewellery
 b - a +6 ring of strength (right hand)
 d - an amulet of regeneration (around neck)
 g - a +4 ring of evasion (left hand)
Wands
 p - a wand of lightning (7/15)
Scrolls
 j - a scroll of identify
 k - 3 scrolls of blinking
 l - 4 scrolls of recharging
 n - 8 scrolls of remove curse
 o - 2 scrolls of amnesia
 t - 2 scrolls of fear
 B - 3 scrolls of fog
 I - 2 scrolls of enchant armour
Potions
 e - 8 potions of curing
 h - a potion of haste
 i - 4 potions of magic
 m - a potion of invisibility
 v - 5 potions of mutation
 z - 2 potions of brilliance
 G - a potion of might
 H - 3 potions of heal wounds
Comestibles
 f - 13 bread rations
 w - 40 fruits
 x - 9 meat rations


   Skills:
 + Level 21.1 Fighting
   Level 21.1(21.2) Axes
 * Level 2.4(14.6) Polearms
 + Level 21.1 Armour
 + Level 15.9 Dodging
 + Level 21.1 Shields
 + Level 12.1 Invocations


You had 13 spell levels left.
You didn't know any spells.

Dungeon Overview and Level Annotations

Branches:
Dungeon (1/1)

Altars:
Cheibriados
Dithmenos
Elyvilon
Fedhas
Gozag
Hepliaklqana
Kikubaaqudgha
Makhleb
Nemelex Xobeh
Okawaru
Qazlal
Ru
Sif Muna
Trog
Uskayaw
Vehumet
Wu Jian
Xom
Yredelemnul
Zin
The Shining One
Beogh
Jiyva
Lugonu

Shops:
D *?:[

Annotations:
D Margery, Nikola


Innate Abilities, Weirdness & Mutations

You reflexively headbutt those who attack you in melee.
You have a pair of horns on your head.
Your system is resistant to poisons. (rPois)
Your spells are a little harder to cast, but a little more powerful.


Message History

Nikola hits you with a rapier of electrocution!!
* * * LOW HITPOINT WARNING * * *
Press: ? - help, Shift-Dir - straight line, f/p - Nikola
Aim: Nikola, wielding a rapier of electrocution, wearing a cloak and wearing a pair of gloves (heavily wounded, poisoned, lightly drained)
The iron shot hits Nikola.
Nikola is heavily wounded.
You block Nikola's attack.
Margery the Dragonslayer comes into view.
She is wielding an enchanted demon trident.
You hit Nikola but do no damage.
Nikola looks as sick as possible!
You headbutt Nikola!
Nikola is severely wounded.
You impale Nikola!! Your headbutt misses Nikola.
Nikola is almost dead.
Nikola misses you.
You hit Nikola.
Nikola looks as sick as possible!
Nikola is almost dead.
Nikola gestures wildly while chanting.
You hear a mighty clap of thunder!
The lightning arc hits you!
You die...

▓▓▓▓▓▓▓▓▓▓▓▓▓▓▓▓▓▓▓▓▓▓▓▓▓▓▓▓▓▓▓▓▓
.........p.@..[@@[[[...)))).))===
▓▓▓▓▓▓▓▓▓▓▓▓▓▓▓▓▓▓▓▓▓▓▓▓▓▓▓▓▓▓▓▓▓
)))..............................
▓▓▓▓▓▓▓▓▓▓▓▓▓▓▓▓▓▓▓▓▓▓▓▓▓▓▓▓▓▓▓▓▓
...)..)..)))()'......))(.........
▓▓▓▓▓▓▓▓▓▓▓▓▓▓▓▓▓▓▓▓▓▓▓▓▓▓▓▓▓▓▓▓▓
.................................
♣♣♣♣♣♣▓▓▓▓▓▓▓▓▓▓▓▓▓▓▓▓▓▓▓▓▓▓▓▓▓▓▓
.....).........'.)(()(...'.......


You could see Nikola, Margery and a hell knight.

Vanquished Creatures
  Saint Roka (D)
  Kirke (D)
  A storm dragon (shapeshifter) (D)
  Gastronok (D)
  Louise (D)
  Aizul (D)
  5 ironheart preservers (D)
  An entropy weaver (D)
  3 stone giants (D)
  A vampire knight (D)
  An ettin (D)
  A fire dragon (D)
  7 ogre magi (D)
  A great orb of eyes (D)
  A rakshasa (D)
  2 ice dragons (D)
  2 centaur warriors (D)
  An anaconda (D)
  A two-headed ogre (D)
  A satyr (D)
  An alligator (D)
  A merfolk avatar (D)
  A tengu warrior (D)
  A naga sharpshooter (D)
  3 shock serpents (D)
  An orc high priest (D)
  2 sea snakes (D)
  A spriggan druid (D)
  4 deep trolls (D)
  A wizard (D)
  An ironbrand convoker (D)
  5 wolf spiders (D)
  2 ugly things (D)
  2 orc knights (D)
  2 orb spiders (D)
  An orc sorcerer (D)
  A mana viper (D)
  3 manticores (D)
  A cyclops (D)
  A merfolk siren (D)
  3 black mambas (D)
  2 water nymphs (D)
  A naga mage (D)
  3 vault sentinels (D)
  4 spiny frogs (D)
  3 yaktaurs (D)
  A freezing wraith (D)
  A komodo dragon (D)
  2 demonic crawlers (D)
  8 trolls (D)
  4 polar bears (D)
  A tyrant leech (D)
  A bog body (D)
  2 blink frogs (D)
  3 slime creatures (D)
  A snapping turtle (D)
  A wraith (D)
  A hippogriff (D)
  A tarantella (D)
  A tarantella (shapeshifter) (D)
  Grum (D)
  2 yaks (D)
  A hungry ghost (D)
  A vampire mosquito (D)
  An acid dragon (D)
  A soldier ant (shapeshifter) (D)
  4 porcupines (D)
  2 water moccasins (D)
  9 orc warriors (D)
  5 black bears (D)
  5 wolves (D)
  2 boggarts (D)
  3 centaurs (D)
  2 crocodiles (D)
  2 bullfrogs (D)
  A quasit (D)
  3 orc priests (D)
  4 orc wizards (D)
  An iguana (D)
  A worker ant (D)
  An adder skeleton (D)
  12 orcs (D)
  A bat skeleton (D)
  A quokka (D)
  2 bats (D)
  2 frilled lizards (D)
  A quokka skeleton (D)
  2 rats (D)
186 creatures vanquished.

Vanquished Creatures (collateral kills)
  A spriggan defender (D)
  A great orb of eyes (D)
  An ice dragon (D)
  2 hogs (D)
  An orc (D)
6 creatures vanquished.

Vanquished Creatures (others)
  A tyrant leech (D)
  2 humans (D)
  A swamp drake (D)
4 creatures vanquished.

Grand Total: 196 creatures vanquished

Notes
Turn   | Place    | Note
-------+----------+-------------------------------------------
     0 | D        | hittemvvvvhard the Minotaur Fighter began the quest for the Orb.
     0 | D        | Reached XP level 1. HP: 19/19 MP: 0/0
    30 | D        | Noticed a worker ant
    30 | D        | Noticed an iguana
    30 | D        | Noticed a centaur
    34 | D        | Killed a centaur
    34 | D        | Reached skill level 5 in Fighting
    34 | D        | Reached skill level 5 in Armour
    34 | D        | Reached skill level 5 in Shields
    34 | D        | Reached XP level 2. HP: 29/29 MP: 1/1
    34 | D        | Reached XP level 3. HP: 36/36 MP: 2/2
    34 | D        | Reached XP level 4. HP: 42/42 MP: 3/3
   139 | D        | Found a roughly hewn altar of Beogh.
   139 | D        | Found a snail-covered altar of Cheibriados.
   139 | D        | Found a shadowy altar of Dithmenos.
   139 | D        | Found a white marble altar of Elyvilon.
   139 | D        | Found a blossoming altar of Fedhas.
   139 | D        | Found an opulent altar of Gozag.
   140 | D        | Found a hazy altar of Hepliaklqana.
   141 | D        | Found a viscous altar of Jiyva.
   142 | D        | Found an ancient bone altar of Kikubaaqudgha.
   143 | D        | Found a corrupted altar of Lugonu.
   144 | D        | Found a burning altar of Makhleb.
   145 | D        | Found a sparkling altar of Nemelex Xobeh.
   146 | D        | Found an iron altar of Okawaru.
   147 | D        | Found a stormy altar of Qazlal.
   148 | D        | Found a sacrificial altar of Ru.
   149 | D        | Found a deep blue altar of Sif Muna.
   150 | D        | Found a bloodstained altar of Trog.
   151 | D        | Found a hide-covered altar of Uskayaw.
   152 | D        | Found a radiant altar of Vehumet.
   154 | D        | Became a worshipper of Makhleb the Destroyer
   205 | D        | Found an ornate altar of the Wu Jian Council.
   206 | D        | Found a shimmering altar of Xom.
   207 | D        | Found a basalt altar of Yredelemnul.
   208 | D        | Found a glowing silver altar of Zin.
   209 | D        | Found a glowing golden altar of the Shining One.
   260 | D        | Noticed a yak
   260 | D        | Noticed a black bear
   261 | D        | Reached XP level 5. HP: 51/51 MP: 4/4
   266 | D        | Killed a black bear
   266 | D        | Reached * piety under Makhleb
   271 | D        | Killed a yak
   271 | D        | Reached skill level 10 in Axes
   271 | D        | Reached XP level 6. HP: 23/62 MP: 5/5
   274 | D        | Reached ** piety under Makhleb
   479 | D        | Noticed a troll
   479 | D        | Noticed a two-headed ogre
   479 | D        | Noticed a cyclops
   483 | D        | Killed a cyclops
   483 | D        | Reached XP level 7. HP: 70/70 MP: 6/6
   485 | D        | Killed a two-headed ogre
   485 | D        | Reached skill level 10 in Fighting
   485 | D        | Reached skill level 10 in Armour
   485 | D        | Reached skill level 10 in Shields
   485 | D        | Reached XP level 8. HP: 81/81 MP: 7/7
   490 | D        | Killed a troll
   490 | D        | Reached *** piety under Makhleb
   653 | D        | Gained mutation: Your spells are a little harder to cast, but a little more powerful. [potion of mutation]
   653 | D        | Gained mutation: Your system is resistant to poisons. (rPois) [potion of mutation]
   662 | D        | Noticed a spiny frog
   665 | D        | Noticed a komodo dragon
   667 | D        | Reached **** piety under Makhleb
   667 | D        | Reached XP level 9. HP: 75/89 MP: 8/8
   673 | D        | Noticed a spiny frog
   675 | D        | Killed a spiny frog
   675 | D        | Reached skill level 15 in Axes
   688 | D        | Killed a komodo dragon
   695 | D        | Killed a spiny frog
   695 | D        | Reached ***** piety under Makhleb
   881 | D        | Noticed a black mamba
   883 | D        | Killed a black mamba
   890 | D        | Reached XP level 10. HP: 79/100 MP: 9/9
   899 | D        | Reached ****** piety under Makhleb
  1076 | D        | Noticed Gastronok
  1088 | D        | Killed Gastronok
  1343 | D        | Noticed an orc knight
  1343 | D        | Noticed an orc high priest
  1346 | D        | Noticed an orc sorcerer
  1350 | D        | Killed an orc high priest
  1350 | D        | Reached XP level 11. HP: 111/111 MP: 10/10
  1353 | D        | Killed an orc knight
  1355 | D        | Killed an orc sorcerer
  1400 | D        | Found Romuysipt's Armour Boutique.
  1400 | D        | Noticed a deep troll
  1400 | D        | Noticed a deep troll
  1400 | D        | Noticed an ogre mage
  1401 | D        | Noticed a deep troll
  1408 | D        | Killed an ogre mage
  1412 | D        | Noticed an ogre mage
  1413 | D        | Killed a deep troll
  1413 | D        | Reached skill level 15 in Fighting
  1413 | D        | Reached skill level 15 in Armour
  1413 | D        | Reached skill level 15 in Shields
  1420 | D        | Killed a deep troll
  1424 | D        | Killed a deep troll
  1429 | D        | Found Syuluum's Book Shop.
  1433 | D        | Killed an ogre mage
  1436 | D        | Found Mibliah's Magic Scroll Boutique.
  1440 | D        | Found Qetamiy's General Store.
  1443 | D        | Noticed an ogre mage
  1445 | D        | Noticed a deep troll
  1458 | D        | Killed a deep troll
  1469 | D        | Killed an ogre mage
  1532 | D        | Bought a +2 crystal plate armour for 1104 gold pieces
  1536 | D        | Bought a scroll of fog for 26 gold pieces
  1536 | D        | Bought a scroll of enchant armour for 97 gold pieces
  1605 | D        | Noticed Grum
  1616 | D        | Killed Grum
  1750 | D        | Noticed an orc knight
  1771 | D        | Noticed a stone giant
  1771 | D        | Reached XP level 12. HP: 122/122 MP: 11/11
  1790 | D        | Noticed an ogre mage
  1791 | D        | Noticed a centaur warrior
  1793 | D        | Noticed a stone giant
  1821 | D        | Killed a stone giant
  1826 | D        | Killed an ogre mage
  1833 | D        | Killed a centaur warrior
  1875 | D        | Noticed a rakshasa
  1878 | D        | Noticed a tengu warrior
  1884 | D        | Killed a stone giant
  1890 | D        | Killed a rakshasa
  1898 | D        | Killed a tengu warrior
  2005 | D        | Noticed an entropy weaver
  2025 | D        | Reached skill level 1 in Invocations
  2071 | D        | Killed an entropy weaver
  2071 | D        | Reached skill level 5 in Invocations
  2127 | D        | Reached skill level 1 in Dodging
  2158 | D        | Noticed a merfolk avatar
  2167 | D        | Noticed a satyr
  2176 | D        | Killed a merfolk avatar
  2181 | D        | Reached XP level 13. HP: 136/136 MP: 16/16
  2186 | D        | Reached skill level 5 in Dodging
  2595 | D        | Noticed Kirke
  2654 | D        | Killed Kirke
  2654 | D        | Reached skill level 10 in Dodging
  2703 | D        | Noticed a vampire knight
  2722 | D        | Killed a vampire knight
  2747 | D        | Noticed a spriggan defender
  2753 | D        | Noticed a fire dragon
  2775 | D        | Noticed a stone giant
  2784 | D        | Killed a spriggan defender
  2977 | D        | Killed a stone giant
  2984 | D        | Killed a fire dragon
  3125 | D        | Noticed a storm dragon
  3133 | D        | Killed a storm dragon
  3177 | D        | Reached skill level 10 in Invocations
  3225 | D        | Noticed an ettin
  3235 | D        | Reached XP level 14. HP: 148/148 MP: 20/20
  3252 | D        | Noticed an ironheart preserver
  3252 | D        | Noticed an ironheart preserver
  3265 | D        | Killed an ironheart preserver
  3272 | D        | Killed an ironheart preserver
  3284 | D        | Noticed an ironheart preserver
  3306 | D        | Killed an ironheart preserver
  3342 | D        | Noticed an ironheart preserver
  3352 | D        | Killed an ironheart preserver
  3354 | D        | Reached skill level 15 in Dodging
  3355 | D        | Noticed an ironheart preserver
  3364 | D        | Killed an ironheart preserver
  3402 | D        | Noticed Saint Roka
  3444 | D        | Killed Saint Roka
  3549 | D        | Noticed Aizul
  3570 | D        | Killed Aizul
  4072 | D        | Noticed Louise
  4101 | D        | Killed Louise
  5303 | D        | Noticed Nikola
  5362 | D        | Noticed Margery
  5364 | D        | Killed from afar by Nikola

Vault maps used:
D:        linesprint

Skill      XL: |  1  2  3  4  5  6  7  8  9 10 11 12 13 14 |
---------------+-------------------------------------------+-----
Axes           | 6 8 10 12 13 14 16 18 21 | 21.1
Shields        | 5 6 8 9 10 11 12 14 16 18 20 21 | 21.1
Fighting       | 5 6 8 9 10 11 12 14 16 18 20 21 | 21.1
Armour         | 5 6 8 9 10 11 12 14 16 18 20 21 | 21.1
Invocations    | 6 10 12 | 12.1
Dodging        | 4 12 15 | 15.9
Polearms       | 2 |  2.4

Action                   |  1- 3 |  4- 6 |  7- 9 | 10-12 | 13-15 || total
-------------------------+-------+-------+-------+-------+-------++-------
Melee: War axe           |    18 |    17 |       |       |       ||    35
       Headbutt          |     2 |     5 |    14 |    89 |    85 ||   195
       Broad axe         |       |    14 |    49 |   300 |   303 ||   666
       Unarmed           |       |       |       |       |    13 ||    13
       Demon trident     |       |       |       |       |    20 ||    20
Invok: Minor Destruction |       |       |       |     6 |       ||     6
       Lesser Servant of |       |       |       |     2 |    15 ||    17
       Major Destruction |       |       |       |     1 |    11 ||    12
       Greater Servant o |       |       |       |       |     4 ||     4
  Use: Potion            |       |     1 |     4 |     3 |     6 ||    14
       Scroll            |       |       |       |     3 |     1 ||     4
 Stab: Distracted        |       |       |       |       |     1 ||     1
       Confused          |       |       |       |       |     1 ||     1
  Eat: Chunk             |       |       |       |     6 |       ||     6
       Meat ration       |       |       |       |       |     3 ||     3
Armor: Scale mail        |    19 |    10 |     9 |    30 |       ||    68
       Crystal plate arm |       |       |       |    59 |    65 ||   124
Dodge: Dodged            |     8 |    14 |    10 |    48 |    47 ||   127
Block: Shield            |    10 |    10 |    23 |    84 |       ||   127
       Large shield      |       |       |       |   115 |   201 ||   316
